 Dungeon Crawl Stone Soup version 0.27-a0-920-gb2bd10914a (webtiles) character file.

Game seed: 16468726598225204893

52 lauthentik the Insei (level 3, 0/28 HPs)
             Began as a Draconian Transmuter on Apr 9, 2021.
             Slain by Natasha (2 damage)
             ... on level 2 of the Dungeon.
             The game lasted 00:03:12 (1309 turns).

lauthentik the Insei (Draconian Transmuter)         Turns: 1309, Time: 00:03:12

Health: 0/28       AC:  5    Str: 12    XL:     3   Next: 60%
Magic:  6/6        EV: 12    Int: 13    God:
Gold:   34         SH:  0    Dex: 12    Spells: 3/6 levels left

rFire    . . .     SeeInvis .     - Unarmed
rCold    . . .     Faith    .   (no shield)
rNeg     . . .     Spirit   .   (armour unavailable)
rPois    .         Reflect  .   (helmet restricted)
rElec    .         Harm     .   (no cloak)
rCorr    .         Rampage  .   (no gloves)
Will     .....                  (no boots)
Stlth    +.........             (no amulet)
HPRegen  0.09/turn              (no ring)
MPRegen  0.10/turn              (no ring)

@: slowed, very slow
A: AC +5, unfitting armour, cold-blooded
a: no special abilities


You were on level 2 of the Dungeon.
You visited 1 branch of the dungeon, and saw 2 of its levels.

You collected 34 gold pieces.

Inventory:

Potions
 a - a potion of heal wounds {unknown}
 b - a potion of attraction {unknown}
 c - a potion of invisibility {unknown}
 d - a potion of berserk rage {unknown}


   Skills:
 + Level 1.1 Fighting
 + Level 2.2 Dodging
 + Level 0.4 Stealth
 + Level 3.9 Unarmed Combat
 + Level 2.3 Spellcasting
 + Level 2.2 Transmutations


You had 3 spell levels left.
You knew the following spells:

 Your Spells              Type           Power      Damage    Failure   Level
a - Beastly Appendage     Tmut           14%        N/A       10%         1
b - Wereblood             Tmut           7%         N/A       16%         2

Your spell library contained the following spells:

 Spells                   Type           Power      Damage    Failure   Level
 Spider Form              Tmut/Pois      2%         N/A       43%         3
 Inner Flame              Hex/Fire       1%         N/A       58%         3
 Stone Arrow              Conj/Erth      2%         3d7       58%         3
 Ice Form                 Ice/Tmut       4%         N/A       83%         4
 Leda's Liquefaction      Hex/Erth       0%         N/A       94%         4
 Sticky Flame             Conj/Fire      1%         2d3       94%         4
 Hydra Form               Tmut           3%         N/A       95%         5
 Iron Shot                Conj/Erth      0%         9d1       100%        6


Dungeon Overview and Level Annotations

Branches:
Dungeon (2/15)

Altars:

Annotations:
D:2 Natasha


Innate Abilities, Weirdness & Mutations

Your plain brown scales are hard. (AC +5)
You cannot fit into any form of body armour.
You are cold-blooded and may be slowed by cold attacks.


Message History

The crimson imp hits you. Natasha misses you.
The crimson imp blinks!
You hit Natasha.
Natasha is moderately wounded.
Natasha claws you. Natasha casts a spell at you. The magic dart hits you.
Your magical contamination has completely faded away.
You barely miss Natasha.
Natasha is moderately wounded.
Natasha closely misses you.
You hit Natasha.
Natasha is moderately wounded.
Natasha barely misses you.
The crimson imp hits you but does no damage.
Natasha claws you but does no damage.
You hit Natasha.
You tail-slap Natasha, but do no damage.
Natasha is severely wounded.
The crimson imp misses you. Natasha claws you.
You barely miss Natasha. You tail-slap Natasha.
Natasha is almost dead.
The crimson imp hits you but does no damage.
Natasha casts a spell at you. The magic dart hits you.
The crimson imp barely misses you.
You closely miss Natasha.
Your tail-slap misses Natasha.
Natasha is almost dead.
The crimson imp disappears in a puff of smoke!
Natasha claws you.
* * * LOW HITPOINT WARNING * * *
Natasha claws you.
* * * LOW HITPOINT WARNING * * *
You closely miss Natasha.
Your tail-slap misses Natasha.
Natasha is almost dead.
Natasha barely misses you.
You hit Natasha but do no damage.
Natasha is almost dead.
Natasha claws you.
* * * LOW HITPOINT WARNING * * *
Natasha claws you.
You die...

.# #.##.# .# #.##.#
#........ .# #.##.#
#........ .# #.##.##
#........ .#
#.##.##.#........ .##
#.##.# .#........
..######.##.## .........
.............###.......?
..###...........@h......
..# #........###........
..# #..........#########
..# #........#.# ..#
#........#.# ..#
#..........# ###
##......... #........


You could see Natasha.

Vanquished Creatures
  2 dart slugs (D:1)
  4 ball pythons (D:1)
  6 bats (D:1)
  4 endoplasms (D:1)
  A giant cockroach (D:1)
  5 goblins (D:1)
  5 hobgoblins
  4 jackals (D:1)
  3 kobolds (D:1)
  A quokka (D:1)
  A frilled lizard (D:1)
  2 rats (D:1)
38 creatures vanquished.

Notes
Turn   | Place    | Note
-------+----------+-------------------------------------------
     0 | D:1      | lauthentik the Draconian Transmuter began the quest for the
                  | Orb.
     0 | D:1      | Reached XP level 1. HP: 16/16 MP: 3/3
   227 | D:1      | Reached XP level 2. HP: 23/23 MP: 3/5
   559 | D:1      | Reached XP level 3. HP: 28/28 MP: 6/6
   573 | D:1      | Learned a level 2 spell: Wereblood
  1073 | D:1      | Identified Kijeof's Disquisition on the Rocks and the
                  | Volcanoes
  1292 | D:2      | Noticed Natasha
  1309 | D:2      | Slain by Natasha

Illustrated notes

Levels and vault maps discovered:
D:1:      dpeg_arrival_subterranean_lakeside_camping, layout_loops_ring
D:2:      layout_basic, lemuel_another_geyser, uniq_natasha

Skill      XL: |  1 |
---------------+----+-----
Dodging        | 2 |  2.2
Fighting       | |  1.1
Stealth        | |  0.4
Unarmed Combat | |  3.9
Spellcasting   | |  2.3
Transmutations | |  2.2

Action                   || total
-------------------------++-------
Melee: Unarmed           ||   126
       Tailslap          ||     8
       Kick              ||    10
       Headbutt          ||     6
       Punch             ||     2
 Cast: Beastly Appendage ||    15
 Stab: Sleeping          ||     3
Armor: Skin              ||    60
Dodge: Dodged            ||    90

Table legend: (Time is in decaauts)
 A = Elapsed time spent in this place.
 B = Non-inter-level travel time spent in this place.
 C = Inter-level travel time spent in this place.
 D = Time resting spent in this place.
 E = Time spent auto-exploring this place.
 F = Levels seen in this place.
 G = Mean time per level.
                   A        B        C        D        E       F      G
               +--------+--------+--------+--------+--------+-----+--------+
         Total |   1312 |   1289 |     23 |      0 |   1048 |   2 |  656.0 |
       Dungeon |   1312 |   1289 |     23 |      0 |   1048 |   2 |  656.0 |
               +--------+--------+--------+--------+--------+-----+--------+

Top non-repeatable levels by time:
     D:1: 1272 daAuts
     D:2: 39 daAuts
